 Dungeon Crawl Stone Soup version 0.17.0-24-gcfadda4 (console) character file.

1164 gw the Cudgeler (level 8, -4/73 HPs)
             Began as a Deep Dwarf Fighter on Nov 18, 2015.
             Slain by a hill giant
             ... wielding a +0 giant spiked club
              (33 damage)
             ... on level 8 of the Dungeon.
             The game lasted 00:03:10 (1883 turns).

gw the Cudgeler (Deep Dwarf Fighter)                Turns: 1883, Time: 00:03:10

Health: -4/73      AC: 11    Str: 19    XL:     8   Next: 17%
Magic:  5/5        EV:  5    Int: 10    God:
Gold:   79         SH: 10    Dex: 14    Spells: 0 memorised, 7 levels left

rFire  . . .     SeeInvis .     a - +0 flail
rCold  . . .     Clarity  .     i - +0 chain mail
rNeg   . . .     SustAt   .     c - +0 shield
rPois  .         Gourm    .     (no helmet)
rElec  .         Spirit   .     (no cloak)
rCorr  .         Warding  .     (no gloves)
rMut   .         Stasis   .     t - +0 pair of boots
MR     +....                    (no amulet)
Stlth  ..........               (no ring)
                                (no ring)

@: non-regenerating, somewhat resistant to hostile enchantments, extremely
unstealthy
A: damage resistance, recharge devices, sense surroundings 1, slow regeneration
3
a: Device Recharging


You were on level 8 of the Dungeon.
You were not hungry.

You visited 1 branch of the dungeon, and saw 8 of its levels.

You collected 79 gold pieces.

Inventory:

Hand Weapons
 a - a +0 flail (weapon)
Missiles
 g - 16 stones (quivered)
 w - 15 poisoned needles
Armour
 c - a +0 shield (worn)
 i - a +0 chain mail (worn)
 t - a +0 pair of boots (worn)
Wands
 e - a wand of heal wounds (3)
Scrolls
 b - 2 scrolls of amnesia {unknown}
 j - 2 scrolls of enchant weapon {unknown}
 l - a scroll of teleportation {unknown}
 m - a scroll of fear {unknown}
 o - 2 scrolls of identify {unknown}
 p - a scroll of remove curse {unknown}
 r - a scroll of vulnerability {unknown}
 s - a scroll of blinking {unknown}
 v - a scroll of immolation {unknown}
Potions
 d - a potion of might
 h - 2 potions of agility {unknown}
 k - a potion of heal wounds {unknown}
 n - 3 potions of curing {unknown}
Comestibles
 f - 3 bread rations
 q - a meat ration
 u - 4 chunks of flesh


   Skills:
 + Level 4.3 Fighting
 * Level 5.8 Maces & Flails
 + Level 3.6 Throwing
 + Level 5.3 Armour
 + Level 5.1 Shields
 - Level 1.6 Evocations


You had 7 spell levels left.
You didn't know any spells.

Dungeon Overview and Level Annotations

Branches:
Dungeon (8/15)
 Temple: D:4-7         Lair: D:8-11

Altars:
Cheibriados
Okawaru
Sif Muna
Trog

Annotations:
D:8 Maurice


Innate Abilities, Weirdness & Mutations

You are resistant to damage.
You can recharge devices by infusing magical energy.
You passively map a small area around you.
You do not regenerate naturally.


Message History

Evoke which item? (* to show all) (? for menu, Esc to quit)
Zapping:
e - a wand of heal wounds (3)
Press: ? - help, Shift-Dir - straight line, f - you, p - hill giant You feel much better.
This wand has 2 charges left.
The hill giant hits you with a giant spiked club!!
Evoke which item? (* to show all) (? for menu, Esc to quit)
Zapping:
e - a wand of heal wounds (2)
Press: ? - help, Shift-Dir - straight line, f - you You feel much better.
This wand has 1 charge left.
Evoke which item? (* to show all) (? for menu, Esc to quit)
Zapping:
e - a wand of heal wounds (1)
Press: ? - help, Shift-Dir - straight line, f - you You feel much better.
This wand has 0 charges left.
The hill giant hits you with a giant spiked club!!
Charge which item? (? for menu, Esc to quit)
Choose an item to recharge, or Esc to abort.
Charge which item? (? for menu, Esc to quit)
Your wand of heal wounds (0) glows for a moment and now has 3 charges.
The hill giant hits you with a giant spiked club!!
You die...

** ,
#.####.......#
,.( #.#
#.####### .#
#.# #.#####<#
, .. #.#
#.......# #(
#.# #########
,#(## #.# ,
.(# #.# * *
#C# #.# #g#
#.# * #.# #.#
#.###.# ,
#..##.#
##.##.# *
#.##%# , ,
#.##.# , ,,
#..#.# ,
,*##.#.#


You could see a hill giant.

Table legend:
 A = Turns spent in this place as a percentage of turns spent in the entire game.
 B = Non-inter-level travel turns spent in this place as a percentage of non-inter-level travel turns spent in the entire game.
 C = Inter-level travel turns spent in this place as a percentage of turns spent in this place.
 D = Turns resting spent in this place as a percentage of non-inter-level travel turns spent in this place.
 E = Turns spent auto-exploring this place as a percentage of non-inter-level travel turns spent in this place.
 F = Non-inter-level travel turns spent in this place divided by the number of levels of this place that you've seen.
                   A       B       C       D       E      F
               +-------+-------+-------+-------+-------+----------------------
         Total | 100.0 | 100.0 |   3.1 |   0.1 |   1.8 | 639.4
       Dungeon | 100.0 | 100.0 |   3.1 |   0.1 |   1.8 | 639.4
               +-------+-------+-------+-------+-------+----------------------

Table legend:
 A = Kills in this place as a percentage of kills in entire the game.
 B = Kills by you in this place as a percentage of kills by you in the entire game.
 C = Kills by friends in this place as a percentage of kills by friends in the entire game.
 D = Other kills in this place as a percentage of other kills in the entire game.
 E = Experience gained in this place as a percentage of experience gained in the entire game.
 F = Experience gained in this place divided by the number of levels of this place that you have seen.
                   A       B       C       D       E      F
               +-------+-------+-------+-------+-------+----------------------
         Total | 100.0 | 100.0 |  -nan |  -nan | 100.0 | 208.0
       Dungeon | 100.0 | 100.0 |  -nan |  -nan | 100.0 | 208.0
               +-------+-------+-------+-------+-------+----------------------

Vanquished Creatures
  The ghost of jw the Cutter, an amateur OpBe of Trog (D:3)
  A sky beast (D:5)
  A black bear (D:8)
  A necrophage (D:6)
  A phantom (D:8)
  A crocodile (D:8)
  Blork the orc (D:6)
  3 giant frogs
  2 crimson imps
  2 jellies
  A hound (D:6)
  An iguana (D:7)
  A worker ant (D:5)
  2 hound zombies (D:6)
  3 adders (D:2)
  4 gnolls (D:5)
  2 worms
  3 giant geckos
  7 orcs (D:5)
  2 bats
  2 giant cockroaches
  3 goblins
  5 hobgoblins
  4 kobolds
  A quokka (D:5)
  A giant cockroach zombie (D:5)
  A quokka skeleton (D:5)
  3 rats
60 creatures vanquished.

Notes
Turn   | Place    | Note
--------------------------------------------------------------
     0 | D:1      | gw the Deep Dwarf Fighter began the quest for the Orb.
     0 | D:1      | Reached XP level 1. HP: 20/20 MP: 1/1
   103 | D:2      | Reached XP level 2. HP: 27/27 MP: 2/2
   200 | D:2      | Reached XP level 3. HP: 18/33 MP: 3/3
   207 | D:2      | Reached skill level 1 in Throwing
   401 | D:3      | Noticed jw's ghost (amateur OpBe)
   470 | D:3      | Killed jw's ghost
   470 | D:3      | Reached skill level 4 in Armour
   470 | D:3      | Reached skill level 1 in Evocations
   470 | D:3      | Reached XP level 4. HP: 21/42 MP: 3/5
   470 | D:3      | Reached XP level 5. HP: 24/49 MP: 3/6
   545 | D:3      | Found a deep blue altar of Sif Muna.
   651 | D:5      | Entered Level 5 of the Dungeon
   685 | D:5      | Noticed a sky beast
   725 | D:5      | Killed a sky beast
   725 | D:5      | Reached XP level 6. HP: 56/56 MP: 6/6
   928 | D:5      | Found a snail-covered altar of Cheibriados.
  1214 | D:6      | Noticed Blork the orc
  1234 | D:6      | Found an iron altar of Okawaru.
  1258 | D:6      | Killed Blork the orc
  1258 | D:6      | Reached XP level 7. HP: 47/63 MP: 6/6
  1418 | D:6      | Reached skill level 5 in Maces & Flails
  1477 | D:7      | Found a snail-covered altar of Cheibriados.
  1477 | D:7      | Found a bloodstained altar of Trog.
  1592 | D:8      | Reached skill level 5 in Armour
  1699 | D:8      | Noticed Maurice
  1755 | D:8      | Reached skill level 5 in Shields
  1755 | D:8      | Reached XP level 8. HP: 42/72 MP: 6/6
  1868 | D:8      | Noticed a hill giant
  1883 | D:8      | Slain by a hill giant

Action                   |  1- 3 |  4- 6 |  7- 9 || total
-------------------------+-------+-------+-------++-------
Melee: Flail             |   140 |   148 |   134 ||   422
Throw: Stone             |    55 |    49 |    86 ||   190
 Abil: Device Recharging |       |     2 |     2 ||     4
Evoke: Wand              |     3 |     9 |     6 ||    18
  Eat: Chunk             |       |     2 |     2 ||     4

Vault maps used:
D:1:      minmay_arrival_shattered_statue, minmay_cupped
D:3:      lemuel_coloured_pillars_altar, first_bread, minmay_misc_feat_cross,
          serial_bayou_ford_a
D:4:      corexii_shantytown, trog_wizard
D:5:      grunt_temple_overflow_opulence, basic_altar,
          minmay_misc_feat_ornament, kennysheep_nondescript
D:6:      overflow_temple_1_default, minmay_temple_entry_glassed_door,
          okawaru_ov_weapons_minmay, uniq_blork_the_orc
D:7:      lemuel_ratsnest, amethyst_overflow_temple_binary
D:8:      david_lair_shrubbed, uniq_prince_ribbit1, uniq_maurice
